 Dungeon Crawl Stone Soup version 0.23-a0-639-ga9a3373214 (webtiles) character file.

57548 HereIgoKillingAgain the Eclecticist (level 14, -4/76 HPs)
             Began as a Deep Elf Fire Elementalist on Dec 29, 2018.
             Was a High Priest of Vehumet.
             Killed by divine providence
             ... invoked by an orc priest
              (8 damage)
             ... on level 1 of the Orcish Mines.
             The game lasted 00:56:32 (22801 turns).

HereIgoKillingAgain the Eclecticist (DEFE)         Turns: 22801, Time: 00:56:33

Health: -4/76      AC:  7    Str:  5    XL:     14   Next: 46%
Magic:  6/38       EV: 17    Int: 35    God:    Vehumet [*****.]
Gold:   1922       SH:  0    Dex: 15    Spells: 10/50 levels left

rFire    . . .     SeeInvis .   b - +1 dagger (drain)
rCold    . . .     Gourm    .   (no shield)
rNeg     . . .     Faith    .   F - +0 troll leather armour
rPois    +         Spirit   .   m - +1 helmet
rElec    .         Reflect  .   (no cloak)
rCorr    .         Harm     .   (no gloves)
MR       +....                  H - +0 pair of boots of the Turtle {Int+4 Stlth-}
Stlth    +.........             (no amulet)
HPRegen  0.62/turn              x - ring "Lolofyma" {Wiz rPois}
MPRegen  0.26/turn              L - +5 ring of intelligence

@: studying Stealth
A: no striking features
a: Renounce Religion


You were on level 1 of the Orcish Mines.
You worshipped Vehumet.
Vehumet was extremely pleased with you.
You were near starving.

You visited 4 branches of the dungeon, and saw 20 of its levels.
You also visited: Bailey and Gauntlet.

You collected 1922 gold pieces.

Inventory:

Hand Weapons
 b - a +1 dagger of draining (weapon)
 r - a +1 great sword of electrocution
Missiles
 s - 9 throwing nets (quivered)
Armour
 m - a +1 helmet (worn)
 F - a +0 troll leather armour (worn)
 H - the +0 pair of boots of the Turtle (worn) {Int+4 Stlth-}
   (You found it in a Gauntlet)

   It affects your intelligence (+4).
   It makes you less stealthy.
Jewellery
 l - an uncursed ring of magical power
 u - an uncursed ring of resist corrosion
 x - the ring "Lolofyma" (left hand) {Wiz rPois}
   (You found it in a Gauntlet)

   [ring of wizardry]

   It improves your spell success rate.
   It protects you from poison.
 y - an uncursed ring of see invisible
 I - the ring "Biwisa" {+Fly rPois}
   (You found it in a Gauntlet)

   [ring of flight]

   It protects you from poison.
   It lets you fly.
 L - a +5 ring of intelligence (right hand)
 M - a +2 ring of strength
 O - an uncursed ring of ice
Wands
 j - a wand of digging (12)
 o - a wand of acid (21)
 B - a wand of flame (47)
 D - a wand of enslavement (19)
 G - a wand of random effects (38)
 K - a wand of iceblast (7)
 P - a wand of disintegration (23)
 T - a wand of clouds (5)
 U - a wand of paralysis (9)
Scrolls
 d - 5 scrolls of enchant armour
 e - 3 scrolls of enchant weapon
 g - 4 scrolls of magic mapping
 i - 3 scrolls of teleportation
 n - 10 scrolls of remove curse
 w - a scroll of amnesia
 C - 2 scrolls of fear
 E - a scroll of fog
 R - 5 scrolls of identify
Potions
 f - 3 potions of lignification
 h - a potion of heal wounds
 k - 4 potions of brilliance
 p - 9 potions of curing
 q - 2 potions of flight
 t - 2 potions of magic
 v - a potion of resistance
 z - a potion of cancellation
 A - 2 potions of mutation
 N - 2 potions of haste
 V - 2 potions of might
Books
 J - a manual of Stealth
Comestibles
 c - 38 rations


   Skills:
 * Level 4.5 Fighting
 - Level 10.0 Dodging
 - Level 2.4 Stealth
 - Level 18.7 Spellcasting
 * Level 13.6 Conjurations
 - Level 3.3 Translocations
 * Level 13.8 Fire Magic


You had 10 spell levels left.
You knew the following spells:

 Your Spells              Type           Power        Failure   Level  Hunger
a - Bolt of Fire          Conj/Fire      #######...   1%          6    None
b - Conjure Flame         Conj/Fire      #######.     0%          3    None
c - Sticky Flame          Conj/Fire      #######.     1%          4    None
d - Fireball              Conj/Fire      #######...   1%          5    None
e - Disjunction           Tloc           ######....   100%        8    ####...
f - Flame Tongue          Conj/Fire      #####        0%          1    None
g - Orb of Destruction    Conj           #######...   1%          7    ##.....
h - Bolt of Cold          Conj/Ice       ######....   1%          6    None

Your spell library contained the following spells:

 Spells                   Type           Power        Failure   Level  Hunger
 Lee's Rapid Deconstruct  Erth           ####......   5%          5    None
 Throw Flame              Conj/Fire      ######       0%          2    None
 Shock                    Conj/Air       ####         1%          1    None
 Poisonous Vapours        Pois/Air       ####..       1%          2    None
 Shroud of Golubria       Chrm/Tloc      #####.....   1%          2    None
 Inner Flame              Hex/Fire       ######..     1%          3    None
 Mephitic Cloud           Conj/Pois/Air  ######..     1%          3    None
 Bolt of Magma            Conj/Fire/Erth #######...   1%          5    None
 Iskenderun's Battlesphe  Conj/Chrm      ######..     1%          5    None
 Venom Bolt               Conj/Pois      ######....   1%          5    None
 Iron Shot                Conj/Erth      ######....   1%          6    None
 Summon Lightning Spire   Summ/Air       ####....     7%          4    None
 Spellforged Servitor     Conj/Summ      ######....   10%         7    ##.....


Dungeon Overview and Level Annotations

Branches:
Dungeon (12/15)            Temple (1/1) D:5            Lair (6/6) D:11
 Shoals (0/4) Lair:2       Spider (0/4) Lair:3        Slime (0/5) Lair:5
    Orc (1/2) D:11

Altars:
Ashenzari
Cheibriados
Dithmenos
Elyvilon
Fedhas
Gozag
Hepliaklqana
Kikubaaqudgha
Makhleb
Nemelex Xobeh
Okawaru
Qazlal
Ru
Sif Muna
Trog
Uskayaw
Vehumet
Wu Jian
Xom
Yredelemnul
Zin
The Shining One

Portals:
Ice
Cave: Orc:1

Annotations:
Lair:4 Kirke


Message History

Okay, then.
Unknown command.
The orc warrior hits you with a +0 glaive!
The orc priest shouts!
You hear a shout!
The orc wizard casts a spell at you. The puff of flame hits you!
The orc warrior hits you from afar with a +0 glaive!!
* * * LOW HITPOINT WARNING * * *
The orc warrior barely misses you.
The orc wizard casts a spell.
The orc wizard flickers and vanishes!
Deactivating autopickup; reactivate with Ctrl-A.
The orc warrior closely misses you.
There is a frozen archway here.
The orc wizard closely misses you.
The orc warrior hits you from afar with a +0 halberd!!
* * * LOW HITPOINT WARNING * * *
The orc priest calls down the wrath of Beogh upon you.
Beogh smites you!
You die...

********* ******
***,*,*,*,*****,*,,**
**,,,,,,,,,,**,,,,,,,***
*,,,,*,,,*,,,...,*,,,,,*
**,,,,,,,,,,,..#***,,,,,
##......,,,,,...#**,,,,,,
##.....≈≈≈≈≈,.....***,*,,,
##......≈#####...o.,,*,*,,,
*.....$.≈#@o.oo.#,,,,,,,,,,
*#......≈#..o..≈#,**,,,,,,,
**#....≈#o..≈#....,,,,,,,,
##.....#$.≈#≈....,,,,,,,,
#....#..†.#≈.....,*,,,,,, *
**,,#.#..≈.#.##.#**,,,,,, *
***#.########**#*,,,,,,, *
#.# **,,,,,, * #.# **,,,*,


You could see 2 orc warriors, an orc priest, an orc wizard and 2 orcs.

Vanquished Creatures
  2 dire elephants (Lair:6)
  A minotaur (Gauntlet)
  Josephine (Lair:4)
  Snorg (D:12)
  Fannar (Lair:2)
  Erolcha (D:11)
  6 hydras
  A merfolk avatar (Lair:6)
  A centaur warrior (D:11)
  2 two-headed ogres
  3 death yaks (D:11)
  Nergalle (Lair:4)
  Sonja (Lair:6)
  2 unseen horrors
  A wizard (Gauntlet)
  2 harpies (Lair:6)
  An orc knight (Orc:1)
  An orb spider (Lair:3)
  A manticore (Lair:6)
  5 elephants (Lair:6)
  5 black mambas
  Psyche (D:10)
  Joseph (D:7)
  6 gargoyles
  5 spiny frogs
  A minotaur zombie (Gauntlet)
  6 rime drakes
  12 komodo dragons
  A queen bee (Lair:5)
  6 trolls
  3 meliai (Lair:5)
  3 polar bears
  A tyrant leech (Gauntlet)
  Grinder (D:5)
  6 hornets
  A wind drake (Lair:6)
  3 slime creatures
  13 blink frogs
  6 hippogriffs
  A shadow (D:11)
  A spriggan (D:7)
  7 wraiths
  4 wyverns (Lair:6)
  29 yaks
  A basilisk (Lair:4)
  6 hogs (Lair:4)
  A hungry ghost (D:11)
  A warg (Orc:1)
  2 porcupines
  2 swamp worms (Gauntlet)
  10 orc warriors
  11 water moccasins
  Duvessa (D:5)
  3 sky beasts
  A hornet zombie (D:11)
  5 ice beasts
  A black bear (D:11)
  A phantom (D:4)
  3 wolves (Lair:2)
  A centaur (D:10)
  6 ogres
  11 crocodiles
  8 gnoll sergeants (Bailey)
  A big kobold (D:11)
  14 bullfrogs
  A wyvern skeleton (D:11)
  Dowan (D:5)
  3 scorpions
  26 killer bees
  14 wights
  6 howler monkeys
  5 crimson imps
  A bullfrog zombie (D:10)
  10 hounds
  An iron imp (D:8)
  4 jellies
  A bullfrog skeleton (D:11)
  7 orc priests
  3 centaur skeletons
  5 gnoll shamans (Bailey)
  3 iguanas
  Ijyb (D:5)
  9 worker ants
  9 orc wizards
  A howler monkey zombie (D:8)
  2 howler monkey skeletons
  14 adders
  17 gnolls
  4 shadow imps
  An ooze (D:5)
  An adder zombie (D:7)
  4 adder skeletons
  A worm (D:6)
  5 leopard geckos
  34 orcs
  A ball python (D:1)
  8 giant cockroaches
  8 goblins
  7 hobgoblins
  7 jackals
  2 quokkas
  6 bats
  5 frilled lizards
  9 kobolds
  5 rats
  4 plants
504 creatures vanquished.

Vanquished Creatures (collateral kills)
  A gnoll shaman (Bailey)
  A gnoll (Bailey)
2 creatures vanquished.

Vanquished Creatures (others)
  6 fungi
  19 plants
25 creatures vanquished.

Grand Total: 531 creatures vanquished

Notes
Turn   | Place    | Note
-------+----------+-------------------------------------------
     0 | D:1      | HereIgoKillingAgain the Deep Elf Fire Elementalist began
                  | the quest for the Orb.
     0 | D:1      | Reached XP level 1. HP: 10/10 MP: 6/6
   122 | D:1      | Reached XP level 2. HP: 15/15 MP: 0/8
   835 | D:2      | Found a shattered altar of Ashenzari.
   879 | D:2      | Reached skill level 4 in Spellcasting
   879 | D:2      | Reached XP level 3. HP: 19/19 MP: 5/10
   977 | D:2      | Noticed a scorpion
   983 | D:2      | Killed a scorpion
   983 | D:2      | Reached XP level 4. HP: 24/24 MP: 7/12
  1194 | D:2      | Reached skill level 5 in Spellcasting
  1253 | D:2      | Found a bloodstained altar of Trog.
  1532 | D:3      | Found a hide-covered altar of Uskayaw.
  1741 | D:3      | Found an ornate altar of the Wu Jian Council.
  1758 | D:3      | Learned a level 3 spell: Conjure Flame
  1763 | D:3      | Learned a level 4 spell: Sticky Flame
  1786 | D:3      | Reached XP level 5. HP: 22/28 MP: 9/14
  2630 | D:3      | Learned a level 5 spell: Fireball
  2636 | D:4      | Noticed a phantom
  2640 | D:4      | Reached skill level 6 in Spellcasting
  2904 | D:4      | Found an iron altar of Okawaru.
  3193 | D:4      | Reached XP level 6. HP: 30/32 MP: 10/17
  3586 | D:4      | Reached skill level 7 in Spellcasting
  3586 | D:4      | Reached skill level 5 in Fire Magic
  3905 | D:5      | Entered Level 5 of the Dungeon
  3954 | D:5      | Reached XP level 7. HP: 36/36 MP: 15/19
  4049 | D:5      | Noticed Duvessa
  4049 | D:5      | Noticed Dowan
  4082 | D:5      | Killed Dowan
  4084 | D:5      | Killed Duvessa
  4084 | D:5      | Reached skill level 8 in Spellcasting
  4440 | D:5      | Found a hazy altar of Hepliaklqana.
  4569 | D:5      | Noticed Grinder
  4574 | D:5      | Noticed Ijyb
  4589 | D:5      | Killed Ijyb
  4593 | D:5      | Paralysed by Grinder for 5 turns
  4598 | D:5      | Killed Grinder
  4598 | D:5      | Reached skill level 9 in Spellcasting
  4598 | D:5      | Reached skill level 5 in Conjurations
  4598 | D:5      | Reached XP level 8. HP: 15/41 MP: 2/23
  4857 | D:5      | Found a staircase to the Ecumenical Temple.
  4912 | Temple   | Entered the Ecumenical Temple
  4961 | Temple   | Became a worshipper of Vehumet
  5439 | D:6      | Found a burning altar of Makhleb.
  5630 | D:6      | Reached skill level 10 in Spellcasting
  6378 | D:7      | Noticed Joseph
  6534 | D:7      | HP: 2/41 [Joseph/sling bullet (14)]
  7029 | D:7      | Killed Joseph
  7029 | D:7      | Reached skill level 11 in Spellcasting
  7029 | D:7      | Reached XP level 9. HP: 15/45 MP: 17/26
  7474 | D:7      | Reached * piety under Vehumet
  7474 | D:7      | Offered knowledge of Shock by Vehumet.
  7783 | D:8      | Found a flagged portal.
  7800 | Bailey   | Entered a bailey
  8065 | Bailey   | Reached skill level 12 in Spellcasting
  8236 | Bailey   | Offered knowledge of Sandblast by Vehumet.
  8420 | Bailey   | Reached ** piety under Vehumet
  9157 | D:8      | Reached skill level 13 in Spellcasting
  9226 | D:8      | Noticed a gargoyle
  9226 | D:8      | Noticed a gargoyle
  9323 | D:8      | Found a glowing silver altar of Zin.
  9535 | D:8      | Reached XP level 10. HP: 36/50 MP: 29/29
  9590 | D:8      | Found a snail-covered altar of Cheibriados.
 10025 | D:9      | Noticed a two-headed ogre
 10151 | D:8      | Noticed a gargoyle
 10153 | D:8      | Killed a gargoyle
 10210 | D:8      | Noticed a gargoyle
 10215 | D:8      | Killed a gargoyle
 10215 | D:8      | Killed a gargoyle
 10215 | D:8      | Noticed a gargoyle
 10227 | D:8      | Killed a gargoyle
 10227 | D:8      | Reached skill level 14 in Spellcasting
 10235 | D:8      | Killed a gargoyle
 10474 | D:9      | Offered knowledge of Mephitic Cloud by Vehumet.
 10619 | D:9      | Got a faintly humming scale mail
 10637 | D:9      | Identified the +3 scale mail "Vamir" {Dex+4} (You found it
                  | on level 9 of the Dungeon)
 10690 | D:9      | Reached *** piety under Vehumet
 10769 | D:9      | Killed a two-headed ogre
 10852 | D:9      | Found an opulent altar of Gozag.
 11015 | D:9      | Found a deep blue altar of Sif Muna.
 11016 | D:9      | Found a sparkling altar of Nemelex Xobeh.
 11102 | D:9      | Reached XP level 11. HP: 47/54 MP: 24/31
 11206 | D:10     | Entered Level 10 of the Dungeon
 11206 | D:10     | Noticed a two-headed ogre
 11209 | D:10     | Killed a two-headed ogre
 11209 | D:10     | Reached skill level 15 in Spellcasting
 11212 | D:10     | Noticed Psyche
 11465 | D:10     | Reached skill level 10 in Fire Magic
 11467 | D:10     | Offered knowledge of Dazzling Spray by Vehumet.
 11471 | D:10     | Killed Psyche
 11476 | D:10     | Reached skill level 5 in Dodging
 11687 | D:10     | Noticed an unseen horror
 11696 | D:10     | Killed an unseen horror
 12057 | D:11     | Noticed Erolcha
 12061 | D:11     | Killed Erolcha
 12061 | D:11     | Reached skill level 16 in Spellcasting
 12061 | D:11     | Reached skill level 10 in Conjurations
 12067 | D:11     | Reached **** piety under Vehumet
 12172 | D:11     | Noticed a death yak
 12304 | D:11     | Noticed a seven-headed hydra
 12309 | D:11     | Killed a seven-headed hydra
 12319 | D:11     | Noticed a centaur warrior
 12322 | D:11     | Killed a centaur warrior
 12496 | D:11     | Reached XP level 12. HP: 59/59 MP: 27/34
 12521 | D:11     | Offered knowledge of Olgreb's Toxic Radiance by Vehumet.
 12804 | D:11     | Noticed a death yak
 12804 | D:11     | Noticed a death yak
 12810 | D:11     | Killed a death yak
 12810 | D:11     | Killed a death yak
 12915 | D:11     | Killed a death yak
 12948 | D:11     | Found a staircase to the Lair.
 12968 | D:11     | Reached skill level 17 in Spellcasting
 13299 | D:11     | Found a staircase to the Orcish Mines.
 13429 | D:12     | Found a gate leading to a gauntlet.
 13444 | Gauntlet | Entered a Gauntlet
 13444 | Gauntlet | Found a transporter.
 13444 | Gauntlet | Found a transporter.
 13449 | Gauntlet | Found a transporter.
 13464 | Gauntlet | Found a transporter.
 13480 | Gauntlet | Found a transporter.
 13494 | Gauntlet | Found a transporter.
 13507 | Gauntlet | Noticed a death scarab
 13570 | Gauntlet | Identified the ring of the Thirteen Moons {rElec rPois rF+
                  | Dex+4}
 13575 | Gauntlet | Found a transporter.
 13590 | Gauntlet | Found a transporter.
 13604 | Gauntlet | Found a transporter.
 13620 | Gauntlet | Found a transporter.
 13633 | Gauntlet | Found a transporter.
 13700 | Gauntlet | Found a transporter.
 13716 | Gauntlet | Found a transporter.
 13717 | Gauntlet | Noticed a death scarab
 13720 | Gauntlet | Found a transporter.
 13734 | Gauntlet | Found a transporter.
 13746 | Gauntlet | Found a transporter.
 13864 | Gauntlet | Got a transparent lead ring
 13865 | Gauntlet | Identified the ring "Lolofyma" {Wiz rPois} (You found it in
                  | a Gauntlet)
 13943 | Gauntlet | Got a pair of polished boots
 13947 | Gauntlet | Got a brightly glowing bronze ring
 13949 | Gauntlet | Identified the ring "Biwisa" {+Fly rPois} (You found it in
                  | a Gauntlet)
 13955 | Gauntlet | Identified the cursed +0 pair of boots of the Turtle {Int+4
                  | Stlth-} (You found it in a Gauntlet)
 14075 | Gauntlet | Noticed a minotaur
 14088 | Gauntlet | Killed a minotaur
 14165 | Gauntlet | Identified the Reference Book on the Flying Traveller
 14536 | D:12     | Noticed Snorg
 14541 | D:12     | Killed Snorg
 14758 | D:12     | Noticed a death knight
 14853 | Lair:1   | Entered Level 1 of the Lair of Beasts
 14853 | Lair:1   | Noticed a six-headed hydra
 14860 | Lair:1   | Killed a six-headed hydra
 14941 | Lair:1   | Noticed a six-headed hydra
 14944 | Lair:1   | Killed a six-headed hydra
 15098 | Lair:1   | Reached skill level 18 in Spellcasting
 15178 | Lair:1   | Learned a level 8 spell: Disjunction
 15631 | Lair:1   | Reached ***** piety under Vehumet
 15638 | Lair:1   | Offered knowledge of Bolt of Fire by Vehumet.
 15963 | Lair:2   | Reached XP level 13. HP: 63/63 MP: 32/37
 16088 | Lair:1   | Reached skill level 1 in Translocations
 16134 | Lair:2   | Found a staircase to the Shoals.
 16136 | Lair:2   | Noticed Fannar
 16140 | Lair:2   | Killed Fannar
 16633 | Lair:2   | Learned a level 6 spell: Bolt of Fire
 17598 | Lair:3   | Found a hole to the Spider Nest.
 17997 | Lair:4   | Noticed Kirke
 18012 | Lair:4   | Noticed a sphinx
 19016 | Lair:4   | Noticed Josephine
 19018 | Lair:4   | Killed Josephine
 19019 | Lair:4   | Noticed Nergalle
 19029 | Lair:4   | Killed Nergalle
 19466 | Lair:5   | Reached skill level 1 in Fighting
 19933 | Lair:5   | Found a staircase to the Slime Pits.
 19989 | Lair:5   | Offered knowledge of Bolt of Cold by Vehumet.
 20595 | Lair:5   | Got a polished ring mail
 20596 | Lair:5   | Identified the +1 ring mail of the Postmodern Dances {rElec
                  | rCorr Int+3} (You found it on level 5 of the Lair of
                  | Beasts)
 20618 | Lair:5   | Learned a level 7 spell: Orb of Destruction
 20625 | Lair:5   | Learned a level 6 spell: Bolt of Cold
 20626 | Lair:6   | Entered Level 6 of the Lair of Beasts
 20861 | Lair:6   | Reached skill level 10 in Dodging
 20861 | Lair:6   | Reached XP level 14. HP: 72/72 MP: 27/38
 22003 | Lair:6   | Noticed Sonja
 22004 | Lair:6   | Killed Sonja
 22694 | Orc:1    | Entered Level 1 of the Orcish Mines
 22704 | Orc:1    | Offered knowledge of Lee's Rapid Deconstruction by Vehumet.
 22793 | Orc:1    | Found a frozen archway.
 22801 | Orc:1    | Killed from afar by an orc priest

Vault maps used:
D:1:      roderic_dead_forest, chequers_serial_rivers_small_b, minivault_25,
          minivault_11
D:2:      lemuel_coloured_pillars_altar, lightli_temple_of_fire
D:3:      old_standard_altar, lemuel_crystal_altar, grunt_ministairs_3,
          kennysheep_generic_room_2
D:4:      lemuel_doored_altar, first_ration
D:5:      kennysheep_mini_moat, minmay_temple_entry_overgrown,
          minmay_misc_feat_rows, hangedman_decor_slide_cut,
          roderic_roman_lattice, uniq_grinder, uniq_duvessa, uniq_ijyb
D:6:      nicolae_overflow_crystal_walls, serial_curves, eino_curves_03,
          eino_curves_04, eino_curves_03, eino_curves_03
D:7:      the_bakery, uniq_joseph
D:8:      cheibrodos_statue_roulette, old_standard_altar, slow_altar_1,
          enter_bailey_2
D:9:      grunt_gozag_statues, chequers_temple_overflow_statue_of_worship
D:10:     uniq_psyche
D:11:     dpeg_lair_monsters, orc_0_dummy, uniq_erolcha
D:12:     serial_shops, shop, gauntlet_entry_generic, uniq_snorg, uniq_rupert
Temple:   eino_wide_crystal_templ
Lair:1:   minivault_27
Lair:2:   elwin_shoals_entry_rocks, grunt_megastairs_4, uniq_fannar
Lair:3:   nicolae_spider_entry_orb_guardian
Lair:4:   lemuel_fruit_tree, lemuel_fruit_fields, uniq_josephine, uniq_nergalle,
          uniq_kirke
Lair:5:   minmay_slime_entry_pillars, serial_bayou_crossing
Lair:6:   gammafunk_lair_ancient_temple, uniq_sonja
Orc:1:    portal_ice_cave_rime
Bailey:   bailey_polearm_gnolls_kennysheep, bailey
Gauntlet: gammafunk_gauntlet_branching

Skill      XL: |  1  2  3  4  5  6  7  8  9 10 11 12 13 14 |
---------------+-------------------------------------------+-----
Spellcasting   | 4 5 6 7 9 11 13 14 16 18 | 18.7
Conjurations   | 2 3 4 5 6 7 9 10 11 12 13 | 13.6
Fire Magic     | 4 5 6 7 8 9 10 11 13 | 13.8
Dodging        | 4 6 8 10 | 10.0
Translocations | 3 |  3.3
Fighting       | 2 4 |  4.5
Stealth        | |  2.4

Action                   |  1- 3 |  4- 6 |  7- 9 | 10-12 | 13-15 || total
-------------------------+-------+-------+-------+-------+-------++-------
Melee: Dagger            |    11 |     3 |    29 |    50 |    15 ||   108
       Great sword       |       |       |    32 |    20 |       ||    52
Throw: Throwing net      |       |     1 |     1 |       |       ||     2
 Cast: Flame Tongue      |    32 |   131 |   201 |    58 |     1 ||   423
       Sticky Flame      |       |     3 |    24 |    56 |    19 ||   102
       Conjure Flame     |       |     2 |     5 |     2 |       ||     9
       Fireball          |       |       |    17 |   154 |    89 ||   260
       Bolt of Fire      |       |       |       |       |   130 ||   130
       Orb of Destructio |       |       |       |       |     3 ||     3
Evoke: Wand              |       |       |     1 |       |    13 ||    14
  Use: Scroll            |       |    11 |     5 |    11 |    12 ||    39
       Potion            |       |       |     4 |     7 |     4 ||    15
 Stab: Paralysed         |       |       |       |       |     9 ||     9
  Eat: Chunk             |       |     5 |     8 |     3 |    13 ||    29
       Ration            |       |     1 |     4 |     6 |     1 ||    12
Armor: Robe              |     6 |     9 |    31 |     5 |       ||    51
       Troll leather arm |       |       |       |    28 |    22 ||    50
Dodge: Dodged            |    12 |    43 |   130 |   121 |   106 ||   412
       Rpst.: Great sword |       |       |     9 |     5 |       ||    14

Table legend:
 A = Non-vault XP
 B = Vault XP
 C = Vault XP percentage of total XP
 D = Non-vault monster count
 E = Vault monster count
 F = Vault count percentage of total count
                 A         B        C        D         E       F
            +---------+---------+-------+---------+---------+-------
      Total |   45649 |   36563 |  44.5 |     359 |     143 |  28.5
            +---------+---------+-------+---------+---------+-------
        D:1 |      27 |       0 |   0.0 |      16 |       0 |   0.0
        D:2 |     114 |       0 |   0.0 |      14 |       0 |   0.0
        D:3 |     125 |      17 |  12.0 |      26 |       3 |  10.3
        D:4 |     438 |       0 |   0.0 |      19 |       0 |   0.0
        D:5 |     347 |     533 |  60.6 |       8 |       4 |  33.3
        D:6 |     582 |       0 |   0.0 |      21 |       0 |   0.0
        D:7 |     532 |     634 |  54.4 |      11 |       2 |  15.4
        D:8 |    1197 |    2153 |  64.3 |      22 |       6 |  21.4
        D:9 |    3406 |       0 |   0.0 |      28 |       0 |   0.0
       D:10 |    5512 |     434 |   7.3 |      33 |       1 |   2.9
       D:11 |    5118 |    4479 |  46.7 |      36 |       8 |  18.2
       D:12 |    2124 |    1068 |  33.5 |      12 |       1 |   7.7
     Lair:1 |    5075 |       0 |   0.0 |      17 |       0 |   0.0
     Lair:2 |    2657 |    1542 |  36.7 |      10 |       5 |  33.3
     Lair:3 |    5204 |     586 |  10.1 |      20 |       1 |   4.8
     Lair:4 |    3645 |    4080 |  52.8 |      17 |      13 |  43.3
     Lair:5 |    2921 |    3123 |  51.7 |      13 |      29 |  69.0
     Lair:6 |    4401 |   13051 |  74.8 |      11 |      28 |  71.8
      Orc:1 |    2224 |     737 |  24.9 |      25 |       2 |   7.4
     Bailey |       0 |    1154 | 100.0 |       0 |      30 | 100.0
   Gauntlet |       0 |    2972 | 100.0 |       0 |      10 | 100.0
            +---------+---------+-------+---------+---------+-------
